[Event "*** SCC Grand Prix: Titled Tuesday Blitz"]
[Site "Chess.com"]
[Date "2020.10.06"]
[Round "3"]
[White "fireheart92"]
[Black "xamax2000"]
[Result "1-0"]
[WhiteElo "2869"]
[BlackElo "2666"]
[TimeControl "180+1"]
[EndTime "10:28:37 PDT"]
[Termination "fireheart92 won by resignation"]

1. d4 d5 2. c4 e6 3. Nc3 a6 4. cxd5 exd5 5. Qb3 Bd6 6. Nf3 Ne7 7. Bg5 c6 8. e3 h6 9. Bh4 Qc7 10. Rc1 Be6 11. Bd3 O-O 12. O-O Re8 13. Na4 Nd7 14.
Nc5 Bxc5 15. dxc5 Nf5 16. Bxf5 Bxf5 17. Bg3 Qc8 18. Nd4 Bg6 19. Rfe1 Nf6 20. f3 Qd7 21.
Rcd1 Rad8 22. h3 Nh7 23. Qb4 Ng5 24. Kh2 Ne6 25. Nb3 Qc8 26. Na5 Rd7 27. Qc3 f6 28. b4 Kh7 29. a4 Qd8 30. e4 Ree7 31.
exd5 Rxd5 32. Rxd5 Qxd5 33. Bd6 Rd7 34. Nc4 Bf7 35. Nb6 Rxd6 36. Nxd5 Rxd5 37. Qc2+ Kg8 38. Re3 Kf8 39. Qe2 Ke7 40. Re4 Kd7 41. Qf2 h5 42. Qg3 g5 43. Qb8 Nd8 44. h4 Be6 45. hxg5 fxg5 46.
Re5 h4 47. Rxd5+ Bxd5 48. Qe5 Ne6 49. Qd6+ Kc8 50. b5 axb5 51. axb5 Nc7 52. b6 Ne6 53.
Kg1 Bc4 54. Kf2 Bd5 55. Qe7 Bc4 56. Ke3 Bd5 57. Qd6 Bc4 58. Ke4 Bd5+ 59. Ke5 Bc4 60. Kf6 Bd5 61. Qxe6+ Bxe6 62. Kxe6 Kd8 63. Kf5 1-0

[Event "*** SCC Grand Prix: Titled Tuesday Blitz"]
[Site "Chess.com"]
[Date "2020.10.06"]
[Round "3"]
[White "Miss_JJ20"]
[Black "crescentmoon2411"]
[Result "1/2-1/2"]
[WhiteElo "2472"]
[BlackElo "2796"]
[TimeControl "180+1"]
[EndTime "10:28:37 PDT"]
[Termination "Game drawn by stalemate"]

1. d4 Nf6 2. Nf3 c5 3. d5 g6 4. Nc3 Bg7 5. e4 d6 6. Bb5+ Bd7 7. a4 O-O 8. O-O Bg4 9. h3 Bxf3 10. Qxf3 Na6 11.
Qe2 Nc7 12. Bf4 a6 13. Bc4 Nd7 14. Rfd1 Rb8 15. a5 Re8 16. Ra3 b5 17. axb6 Rxb6 18. Rb3 Rxb3 19. cxb3 Qb8 20. Ra1 Qb7 21. Ra3 Rb8 22.
Bg5 Nb5 23. Nxb5 axb5 24. Bd3 Ne5 25. Bc1 Nxd3 26. Qxd3 Rc8 27. Ra5 c4 28. Qe2 cxb3 29. Be3 Rc2 30. Qxb5 Qc8 31. Qxb3 Rxb2 32. Qd3 h6 33.
Ra7 Be5 34. g3 e6 35. Bd4 Bxd4 36. Qxd4 Rb1+ 37. Kg2 e5 38. Qe3 Kg7 39. Qf3 Rb7 40. Rxb7 Qxb7 41. Qa3 Qb6 42. Qf3 Qd4 43. Qe2 f5 44. f3 h5 45. g4 hxg4 46. hxg4 Kf6 47.
gxf5 gxf5 48. Qc2 fxe4 49. fxe4 Qe3 50. Qf2+ Qf4 51. Qxf4+ exf4 52. Kf2 Kg6 53. Kg2 Kh5 54. Kf3 Kg5 55. Kf2 Kg4 56. e5 Kf5 57. exd6 Kf6 58. Kf3 Kf7 59. Kxf4 Ke8 60. Ke5 Kd7 61. Ke4 Kxd6 62.
Kd4 Kd7 63. Kc5 Kc7 64. d6+ Kd7 65. Kd5 Kd8 66. Kc6 Kc8 67. d7+ Kd8 68. Kd6 1/2-1/2

[Event "*** SCC Grand Prix: Titled Tuesday Blitz"]
[Site "Chess.com"]
[Date "2020.10.06"]
[Round "3"]
[White "Fy_Rakotomaharo"]
[Black "Gabix_94"]
[Result "0-1"]
[WhiteElo "2622"]
[BlackElo "2810"]
[TimeControl "180+1"]
[EndTime "10:28:38 PDT"]
[Termination "Gabix_94 won by resignation"]

1. e4 g6 2. d4 Bg7 3. Nc3 d6 4. Be3 c6 5. a4 Nd7 6. Nf3 Qc7 7.
Bc4 e6 8. Qd2 d5 9. Bb3 Ngf6 10.
e5 Ng4 11. Bf4 h5 12. O-O-O a6 13. h3 Nh6 14. g4 b5 15. gxh5 gxh5 16. Nh4 b4 17.
Ne2 c5 18. Bxd5 exd5 19. e6 Qc6 20. exd7+ Bxd7 21. Rhg1 Bf6 22. Bxh6 Bxh4 23. Bg7 Rg8 24. dxc5 Qxa4 25. b3 Qc6 26. Qxb4 Bxf2 27. Nd4 Bxd4 28. Bxd4 O-O-O 29. Be5 Qb5 30. Qd4 Be6 31. Bf4 Rxg1 32. Rxg1 Kb7 33. Kb2 Rc8 34. Bd6 a5 35. Ra1 Kc6 36. Qc3 Ra8 37. Ra4 Bxh3 38. Qxh3 Qe2 39. Qc3 h4 40. Rxa5 Re8 41. Ra7 Rc8 42. Qa5 d4 43.
Qb6+ Kd5 44. Qb7+ Rc6 45. Ra6 Qxa6 46. Qxf7+ Ke4 47. Qe6+ Kf3 48. Qf5+ Kg2 49. Qg4+ Kf1 50. Qxh4 Qe2 51. Qh1+ Kf2 52. Qxc6 d3 53. Ka3 Qxc2 54. Qd5 Qc1+ 55. Kb4 Qe1+ 56. Kb5 d2 57. Kc6 d1=Q 58. Qf5+ Qf3+ 59. Qxf3+ Kxf3 60. b4 Qxb4 61. Kd7 Qb5+ 62. c6 Ke4 63. Be7 Kd5 0-1

[Event "*** SCC Grand Prix: Titled Tuesday Blitz"]
[Site "Chess.com"]
[Date "2020.10.06"]
[Round "3"]
[White "akashcheck"]
[Black "c_r_e_e_p_e_r"]
[Result "1-0"]
[WhiteElo "2233"]
[BlackElo "2351"]
[TimeControl "180+1"]
[EndTime "10:28:38 PDT"]
[Termination "akashcheck won by resignation"]

1. e4 c5 2. Nf3 e6 3. d4 cxd4 4. Nxd4 a6 5. c4 Qc7 6. Nc3 Nf6 7. a3 d6 8. Be2 Be7 9. Be3 O-O 10. O-O b6 11.
Rc1 Bb7 12. f3 Nbd7 13. Qd2 Rac8 14. Rfd1 Qb8 15. Bf1 Bd8 16. b4 Bc7 17. g3 h5 18.
Qf2 Ne5 19. Nb3 Ba8 20. Bf4 Ng6 21. Bg5 Nh7 22. Be3 f5 23. exf5 Rxf5 24. Nd4 Ne5 25. Bg2 Rf6 26. Qe2 Rcf8 27. Rf1 h4 28. f4 Ng6 29. Ne4 Bxe4 30. Bxe4 Ne7 31. Qg4 Nf5 32.
Nxf5 exf5 33. Bd5+ Kh8 34. Qxh4 Qe8 35. Bd4 Rg6 36.
Rce1 Bd8 37. Rxe8 Bxh4 38. Rxf8+ Nxf8 39. Bf7 Bf6 40. Bxg6 Bxd4+ 41. Kg2 Nxg6 42. Rd1 Be3 43. Rxd6 Kh7 44. Rc6 Ne7 45. Re6 Bc1 46. Rxe7 Bxa3 47. Rb7 a5 48. bxa5 bxa5 49. Rb5 Bb4 50. Rxf5 Kg6 51.
Rb5 Kf6 52. Kf3 Ke6 53. g4 Kd6 54. Rb7 Kc6 55. Rxg7 a4 56. Rg6+ Kc5 57. Rg8 a3 58. Ra8 Kxc4 59. g5 Kb3 60. Kg4 a2 61. Rxa2 Kxa2 62.
f5 Kb3 63. f6 Kc4 64. Kf5 Kd5 65. g6 Bf8 66. g7 Bxg7 67. fxg7 Kd6 68. g8=Q 1-0

[Event "*** SCC Grand Prix: Titled Tuesday Blitz"]
[Site "Chess.com"]
[Date "2020.10.06"]
[Round "3"]
[White "Harsha_Bharathakoti"]
[Black "remi04"]
[Result "1-0"]
[WhiteElo "2760"]
[BlackElo "2545"]
[TimeControl "180+1"]
[EndTime "10:28:39 PDT"]
[Termination "Harsha_Bharathakoti won by checkmate"]

1. c4 c5 2. Nf3 Nc6 3. d4 cxd4 4. Nxd4 Nf6 5. Nc3 e5 6. Ndb5 d6 7. Bg5 a6 8. Na3 Be7 9. e3 Be6 10. Be2 O-O 11. O-O Rc8 12. Rc1 h6 13. Bxf6 Bxf6 14. Bf3 g6 15. Qe2 Bg7 16. Rfd1 f5 17. Bd5 Bxd5 18.
Nxd5 Kh7 19. Nc2 Ne7 20. Nxe7 Qxe7 21. Nb4 Qe6 22. b3 f4 23. exf4 Rxf4 24. Nd5 Rf7 25.
Nc3 b5 26. Ne4 Bf8 27. cxb5 Rxc1 28. Rxc1 axb5 29. Qxb5 d5 30. Ng3 e4 31. Rd1 e3 32.
f3 Rd7 33. Ne2 Bg7 34. Qd3 d4 35. a4 Rb7 36. Rb1 Qf5 37. Qxf5 gxf5 38. Nf4 Be5 39. Nd3 Bd6 40. Kf1 Rc7 41. Rc1 Rb7 42. b4 Bxb4 43. Rb1 e2+ 44. Kxe2 Re7+ 45. Kf2 Bc3 46. Rb5 Ra7 47.
a5 Rxa5 48. Rb6 Ra2+ 49. Kg3 Rd2 50. Nf4 d3 51. Rb7+ Kg8 52. Kh4 Bf6+ 53. Kh5 Bg5 54. Ng6 Rxg2 55. h4 d2 56. Rd7 d1=Q 57. Rxd1 Bf6 58.
Rd7 Rh2 59. Kxh6 Bxh4 60. Rg7# 1-0

[Event "*** SCC Grand Prix: Titled Tuesday Blitz"]
[Site "Chess.com"]
[Date "2020.10.06"]
[Round "3"]
[White "sorito"]
[Black "Rodalquilar"]
[Result "0-1"]
[WhiteElo "2456"]
[BlackElo "2788"]
[TimeControl "180+1"]
[EndTime "10:28:42 PDT"]
[Termination "Rodalquilar won by resignation"]

1. Nf3 d5 2. d3 Nf6 3. Nbd2 e6 4. e4 Be7 5. Be2 c5 6. O-O Nc6 7. Re1 b6 8. Bf1 Bb7 9. c3 Qc7 10. a3 O-O 11. e5 Nd7 12. d4 cxd4 13. cxd4 a5 14.
b3 Ba6 15. Bb2 Bxf1 16. Nxf1 Rfc8 17. Qd3 Qb7 18. h4 Qa6 19. Qd2 b5 20. h5 a4 21. b4 Nb6 22. Bc1 Bf8 23. h6 g6 24.
Qf4 Qa7 25. N1h2 Ne7 26. Ng4 Nd7 27. Ng5 Nf5 28. Be3 Rc4 29. Rad1 Rac8 30. Nh2 Bxh6 31. g4 Bxg5 32. Qxg5 Ng7 33. Nf3 Qc7 34. Qh4 Qd8 35. Bg5 Qf8 36. Be7 Qe8 37. Bd6 Rc3 38. Ng5 h5 39.
Re3 Rxe3 40. fxe3 Qd8 41. Rf1 f5 42. exf6 Nxf6 43. Be5 Ne4 44. Bxg7 Qxg5 45. Qxg5 Nxg5 46. Bf6 Ne4 47. gxh5 gxh5 48. Be5 Rf8 49. Rc1 Nd2 50. Rc6 Nc4 51. Bf4 Nxa3 52. Rxe6 Nc4 53. Rg6+ Kf7 54.
Rh6 Rg8+ 55. Kf2 a3 56. Ra6 h4 57. Kf3 h3 58. e4 dxe4+ 59. Kxe4 Rg4 60. Ra7+ Ke8 61.
d5 h2 62. Kf5 Rxf4+ 63. Kxf4 h1=Q 64. d6 Qd5 65. Re7+ Kd8 66. Ra7 Qxd6+ 67. Ke4 Qc6+ 68. Kf5 Qd5+ 69. Kf4 Qd4+ 70. Kf5 Qxa7 71. Ke6 a2 0-1

[Event "*** SCC Grand Prix: Titled Tuesday Blitz"]
[Site "Chess.com"]
[Date "2020.10.06"]
[Round "3"]
[White "Th3_Hound"]
[Black "kngopal"]
[Result "0-1"]
[WhiteElo "2484"]
[BlackElo "2236"]
[TimeControl "180+1"]
[EndTime "10:28:44 PDT"]
[Termination "kngopal won on time"]

1. e4 c5 2. Nf3 d6 3. c3 Nf6 4. Bd3 Nc6 5. Bc2 Bg4 6. h3 Bh5 7. d3 e6 8. Nbd2 Be7 9. Nf1 O-O 10. Ng3 Bg6 11. O-O d5 12. Nh4 dxe4 13. Nxg6 hxg6 14. dxe4 Qc7 15. Qe2 Rfd8 16. f4 Rd7 17. Be3 Rad8 18. Rad1 a6 19. Qf2 b6 20. e5 Nd5 21. Bc1 c4 22. Kh1 Bh4 23. Qf3 Bxg3 24. Qxg3 b5 25. a3 Nce7 26. Qf3 a5 27. h4 b4 28. h5 gxh5 29. Qxh5 g6 30. Qg4 Kg7 31. f5 Rh8+ 32.
Kg1 Qc5+ 33. Rd4 exf5 34. Bxf5 Rdd8 35. e6 Nf6 36. Qg5 Rxd4 37. cxd4 Qxd4+ 38. Be3 Qh4 39. Qxh4 Rxh4 40. exf7 Kxf7 41. Bg5 Nxf5 42. Bxh4 Nxh4 43.
axb4 axb4 44. Rf4 Nf5 45. Rxc4 Nd5 46. Rc5 Ke6 47. Rb5 Nd6 48. Rb8 Ke5 49. Kf2 Ne4+ 50.
Kg1 Kd4 51. Rg8 g5 52. Rc8 Kd3 53. Rf8 Kd4 54. Rd8 Kc4 55. Rc8+ Kd4 56. Re8 Nd6 0-1

[Event "*** SCC Grand Prix: Titled Tuesday Blitz"]
[Site "Chess.com"]
[Date "2020.10.06"]
[Round "3"]
[White "ChessAurochs"]
[Black "TomasKapitanchuk"]
[Result "0-1"]
[WhiteElo "2552"]
[BlackElo "2401"]
[TimeControl "180+1"]
[EndTime "10:28:45 PDT"]
[Termination "TomasKapitanchuk won on time"]

1. e4 c5 2. Nf3 e6 3. c3 Nf6 4. e5 Nd5 5. d4 cxd4 6. cxd4 d6 7. Bc4 Be7 8. O-O O-O 9. Bd2 b6 10.
Nc3 Nxc3 11. Bxc3 Ba6 12. Bxa6 Nxa6 13. d5 exd5 14. Qxd5 dxe5 15. Qxd8 Rfxd8 16. Nxe5 Rac8 17. Rfd1 Nb8 18. Rac1 f6 19. Nf3 Kf7 20. g4 Rxd1+ 21. Rxd1 Rd8 22. Re1 Bc5 23. Kg2 Nc6 24. h4 Re8 25.
Rd1 Re2 26. Rd2 Rxd2 27. Nxd2 Ke6 28. Kf3 Kd5 29. g5 fxg5 30. hxg5 Bd4 31. Bxd4 Nxd4+ 32.
Kf4 Ne6+ 33. Kg4 g6 34. f4 Ng7 35. Nf3 Ke4 36. Ne5 Ne6 37. Nd7 Nxf4 38. Nf6+ Ke5 39. Nxh7 a5 40. Nf8 b5 41. b3 a4 42. bxa4 bxa4 43.
a3 Ke4 44. Nd7 Nd3 45. Nf8 Ne5+ 46. Kh4 Kf5 47. Kg3 Kxg5 48. Kf2 Kf5 49. Ke3 g5 50.
Kf2 g4 51. Kg3 Kf6 52. Nh7+ Kg6 53. Nf8+ Kf7 54. Nh7 Ke6 55. Ng5+ Kf5 56. Nh7 Nc4 57. Nf8 Nxa3 58. Nd7 Nc4 59. Nc5 a3 60. Nb3 a2 61. Na1 Kg5 62. Nb3 Ne3 63. Na1 Nf5+ 64.
Kg2 Kf4 65. Nb3 Ne3+ 66. Kf2 g3+ 67. Kg1 Kf3 68. Na1 g2 69. Nb3 Nc2 70. Kh2 Kf2 0-1

[Event "*** SCC Grand Prix: Titled Tuesday Blitz"]
[Site "Chess.com"]
[Date "2020.10.06"]
[Round "3"]
[White "smshk35"]
[Black "ChessSkool"]
[Result "1/2-1/2"]
[WhiteElo "2450"]
[BlackElo "2674"]
[TimeControl "180+1"]
[EndTime "10:28:47 PDT"]
[Termination "Game drawn - insufficient material"]

1. e4 c6 2. d4 d5 3. e5 c5 4. dxc5 e6 5. a3 Bxc5 6. Bd3 Ne7 7. Nf3 Ng6 8. b4 Be7 9. O-O Nd7 10. Re1 a5 11. b5 a4 12. c4 Nc5 13. Nc3 dxc4 14.
Bxc4 O-O 15. Be3 b6 16. Bxc5 Bxc5 17. Ne4 Qe7 18. Nxc5 Qxc5 19. Rc1 Qxa3 20. Re3 Qe7 21. Nd4 Rd8 22. Qg4 h5 23. Qf3 Bb7 24. Nc6 Qg5 25.
Rce1 Rd7 26. Qh3 Nf4 27. Qf3 Nd5 28. Bxd5 Rxd5 29. Qe2 Bxc6 30. bxc6 Rc5 31. Rg3 Qh6 32. Qe4 Rc8 33. Qxa4 Rxe5 34. Rd1 Rc5 35. h4 R5xc6 36. Qb5 Rc1 37. Rxc1 Qxc1+ 38. Kh2 Qc5 39. Qd7 g6 40. Rg5 Qc7+ 41. Qxc7 Rxc7 42. Rb5 Rb7 43. Kg3 Kf8 44.
Kf4 f6 45. Rb1 Ke7 46. Rb5 Kd6 47. g4 hxg4 48. Kxg4 Kc6 49. Rb3 b5 50. Rf3 f5+ 51. Kg5 b4 52. Kxg6 b3 53. Rc3+ Kd5 54. Rc1 b2 55. Rb1 Kc4 56. h5 Kc3 57. h6 f4 58.
h7 Rb8 59. Kf6 e5 60. Kxe5 Rh8 61. Kxf4 Kc2 62. Rxb2+ Kxb2 63. Kg5 Rxh7 64. f4 Kc3 65. f5 Kd4 66. Kg6 Rh1 67. f6 Rg1+ 68. Kh7 Ke5 69. f7 Rh1+ 70. Kg8 Rg1+ 71. Kh8 Rf1 72. Kg8 Ke6 73. f8=Q Rxf8+ 74. Kxf8 1/2-1/2

[Event "*** SCC Grand Prix: Titled Tuesday Blitz"]
[Site "Chess.com"]
[Date "2020.10.06"]
[Round "3"]
[White "Gahan-MG"]
[Black "Alindsay211"]
[Result "1/2-1/2"]
[WhiteElo "2565"]
[BlackElo "2397"]
[TimeControl "180+1"]
[EndTime "10:28:49 PDT"]
[Termination "Game drawn by agreement"]

1. e4 c5 2. c3 d5 3. exd5 Qxd5 4. d4 cxd4 5. cxd4 Nc6 6. Be3 e5 7. Nc3 Bb4 8. dxe5 Qxe5 9. Rc1 Nf6 10. Nf3 Qa5 11. a3 Bxc3+ 12. bxc3 O-O 13. Be2 Rd8 14. Qb3 Be6 15. Qxb7 Bd5 16. Qb5 Qxa3 17. O-O Rab8 18. Qc5 Qxc5 19. Bxc5 Ne4 20. Be3 Rb3 21. c4 Be6 22.
Rfd1 Rxd1+ 23. Bxd1 Rb4 24. Bc2 f5 25. Bxe4 fxe4 26.
Nd2 a5 27. Ra1 Bxc4 28. Nxe4 a4 29. Bc5 Rb5 30. f3 Bd3 31. Bd6 Rb1+ 32. Rxb1 Bxb1 33. Nc3 Bc2 34. Kf2 Kf7 35. Ke3 Ke6 36. Bf8 g6 37. g4 Ke5 38. f4+ Ke6 39. h4 Kf7 40. Ba3 Ke6 41.
Kd2 Bb3 42. Kd3 h5 43. gxh5 gxh5 44. Ke4 Bc2+ 45. Ke3 Kf5 46. Nd5 Bb3 47. Ne7+ Kg4 48.
Nxc6 Kxh4 49. Ke4 Kg4 50. f5 h4 51. Bd6 h3 52. Ne5+ Kg3 53. Nf3+ Kg2 54. Nh4+ Kg1 55. f6 a3 56. Bxa3 h2 57. Nf3+ Kg2 58. Nxh2 Kxh2 59. Ke5 Kg3 60. Kd6 Kg4 61. Ke7 Kf5 62. Bd6 Kg6 63.
Bc7 Bf7 64. Bd6 Ba2 65. Be5 Bb3 66. Kd6 Bf7 67. Bc3 Bb3 68. Kc5 Kf7 69. Kd6 Bd1 70. Ke5 Bg4 71. Kf4 Bd1 72. Kg5 Bb3 73. Kf4 Ba2 1/2-1/2

[Event "*** SCC Grand Prix: Titled Tuesday Blitz"]
[Site "Chess.com"]
[Date "2020.10.06"]
[Round "3"]
[White "Rital44"]
[Black "Evandro_Barbosa"]
[Result "1-0"]
[WhiteElo "2436"]
[BlackElo "2602"]
[TimeControl "180+1"]
[EndTime "10:28:51 PDT"]
[Termination "Rital44 won on time"]

1. e4 c5 2. Nf3 Nc6 3. d4 cxd4 4. Nxd4 Nf6 5. Nxc6 bxc6 6. e5 Qa5+ 7. Nc3 Qxe5+ 8.
Be2 g6 9. O-O Bg7 10. Be3 O-O 11. Bf3 Rb8 12. Bxa7 Rxb2 13. Bd4 Qa5 14. Ne4 Nxe4 15.
Bxg7 Kxg7 16. Qd4+ Kg8 17. Qxb2 Nd2 18. Rfe1 Nxf3+ 19.
gxf3 d6 20. Rad1 Be6 21. a3 Ra8 22. Re3 Qg5+ 23. Kh1 Bd5 24. Qb7 Ra4 25. Rg1 Qf6 26. Rg3 e5 27. Kg1 Kg7 28. Qd7 Rf4 29. Rd3 h5 30. h4 Rxh4 31. Qc8 Rc4 32. Rb3 Rxc2 33. Rb8 Rc1+ 34. Kg2 Kh6 35. Qf8+ Qg7 36. Qxd6 Rc3 37. Qd8 e4 38. Qg5+ Kh7 39. Rb7 exf3+ 40. Kh2 Rc4 41. Qe7 Rg4 42. Rxg4 hxg4 43. Kg3 Qd4 44. Qh4+ Kg7 45. Qg5 Qa1 46. Kf4 Qc1+ 47. Kxg4 Be6+ 48. Kh4 Qh1+ 49. Kg3 Qg2+ 50. Kf4 Qh2+ 51. Qg3 Qh6+ 52.
Kxf3 Bd5+ 53. Ke2 Qh5+ 54. f3 Qf5 55. Kf2 Qc2+ 56. Kg1 Qd1+ 57. Kh2 Qe2+ 58. Qg2 Qe5+ 59. Qg3 Qh5+ 60. Kg1 Bxf3 61. Kf2 Bd5 62. Qc3+ Kh7 63.
Rb8 Qf5+ 64. Kg3 Qg5+ 65. Kh2 Qf4+ 66. Qg3 Qd2+ 67. Kh3 Qh6+ 68. Qh4 1-0

[Event "*** SCC Grand Prix: Titled Tuesday Blitz"]
[Site "Chess.com"]
[Date "2020.10.06"]
[Round "3"]
[White "sergoy"]
[Black "vovachesss"]
[Result "1-0"]
[WhiteElo "2873"]
[BlackElo "2670"]
[TimeControl "180+1"]
[EndTime "10:28:53 PDT"]
[Termination "sergoy won by resignation"]

1. d4 Nf6 2. c4 c6 3. Nf3 d5 4.
Nc3 dxc4 5. a4 Bg4 6. Ne5 Nbd7 7. Nxg4 Nxg4 8. e3 Ngf6 9. Bxc4 e6 10. Bd2 Bb4 11. O-O O-O 12. Rc1 a5 13. Qe2 e5 14.
Bb3 exd4 15. exd4 Nb6 16. Bg5 h6 17. Be3 Nbd5 18. Qf3 Qd7 19. h3 Rad8 20. Qg3 Kh8 21. Nxd5 Nxd5 22. Rcd1 f5 23. Bc1 Rde8 24. Bc2 Bd6 25.
Qf3 Bb4 26. Bb1 Re7 27. Bf4 Bd6 28. Bd2 Bb4 29. Bc1 Bd6 30. Rfe1 Bb4 31. Re5 Bd6 32. Rxf5 Rxf5 33. Qxf5 Qxf5 34. Bxf5 Re2 35. Bd3 Re7 36. g3 Nb4 37. Bg6 Re6 38. Bf5 Rf6 39. Be4 Bc7 40.
Kg2 Rf8 41. h4 Rd8 42. Be3 Re8 43. Bg6 Re6 44. h5 Rf6 45. Bd2 Nd5 46. Re1 Rf8 47.
Bc3 Bd8 48. Re6 Bf6 49. Rd6 Rd8 50. Re6 Kg8 51. Bxa5 Ra8 52. Bc3 Nc7 53. Re2 Rxa4 54. Bc2 Ra8 55. Bb3+ Nd5 56. Bxd5+ cxd5 57. Re6 Rc8 58.
Rb6 Rc7 59. Rb5 Rd7 60. f4 Kf7 61. g4 Ke6 62. Kf3 Kd6 63. Rc5 b6 64. Rc8 Re7 65.
Bb4+ Kd7 66. Bxe7 Kxc8 67. Bxf6 gxf6 68. g5 fxg5 69. fxg5 hxg5 70. h6 1-0

[Event "*** SCC Grand Prix: Titled Tuesday Blitz"]
[Site "Chess.com"]
[Date "2020.10.06"]
[Round "3"]
[White "GukeshDommaraju"]
[Black "esapunov"]
[Result "0-1"]
[WhiteElo "2794"]
[BlackElo "2637"]
[TimeControl "180+1"]
[EndTime "10:28:54 PDT"]
[Termination "esapunov won on time"]

1. d4 Nf6 2. Nf3 g6 3. g3 Bg7 4. Bg2 O-O 5. O-O d6 6. c4 Nc6 7. Nc3 Bf5 8. Bg5 h6 9. Bf4 g5 10. Be3 Ng4 11. Bc1 Nf6 12. Re1 Ne4 13. Qc2 Nb4 14.
Qb1 Nxg3 15. e4 Nxe4 16. Nxe4 Bg6 17. Bd2 a5 18. Bxb4 axb4 19. Qd1 c6 20. Ng3 e6 21. h3 Qb6 22. Qd2 Rfd8 23. b3 c5 24. Rad1 cxd4 25. Nxd4 Bxd4 26. Qxd4 Qxd4 27. Rxd4 Rxa2 28. c5 d5 29.
Rxb4 Rc2 30. Rxb7 Rxc5 31. b4 Rc2 32. Rd1 Ra8 33. b5 Raa2 34. Nh1 Rab2 35. Rb8+ Kg7 36. b6 Rc6 37. b7 Rc7 38. Ng3 Rcxb7 39. Rxb7 Rxb7 40.
Bf1 Rb3 41. Rd2 h5 42. Kg2 h4 43. Ne2 Bf5 44. Kh2 Ra3 45. Nd4 Be4 46. Bg2 Bxg2 47. Kxg2 Kf6 48. Nf3 Kf5 49. Rc2 e5 50. Rc5 Rd3 51. Rc6 f6 52. Ne1 Rd2 53. Nf3 Rd1 54.
Nh2 Rd2 55. Ng4 Kg6 56. Rxf6+ Kg7 57. Rf5 e4 58. Rxg5+ Kf7 59. Re5 Kg6 60. Ne3 d4 61. Nc4 Rc2 62. Nd6 e3 63. Ne4 d3 64. Rd5 e2 65.
Rd6+ Kf5 66. Kf3 e1=Q 67. Rf6+ Ke5 68. Rf4 Qe2+ 0-1

[Event "*** SCC Grand Prix: Titled Tuesday Blitz"]
[Site "Chess.com"]
[Date "2020.10.06"]
[Round "3"]
[White "eljanov"]
[Black "731291"]
[Result "1-0"]
[WhiteElo "2834"]
[BlackElo "2652"]
[TimeControl "180+1"]
[EndTime "10:28:57 PDT"]
[Termination "eljanov won on time"]

1. e4 c5 2. Nf3 e6 3. c4 Nc6 4. d4 cxd4 5. Nxd4 Nf6 6. Nc3 Bb4 7. Nxc6 bxc6 8. Bd3 e5 9. O-O O-O 10. Qe2 d6 11. Na4 Ba5 12. a3 Bc7 13. Bg5 h6 14. Bh4 g5 15. Bg3 a5 16. b4 axb4 17. axb4 Kg7 18.
Kh1 h5 19. f3 h4 20. Bf2 Nh5 21. Qd2 Rh8 22. Kg1 Nf4 23. Rfe1 Be6 24. Bf1 Qf6 25. h3 Rad8 26. Qc2 Bb8 27. Nc3 Qg6 28. Rec1 f5 29.
exf5 Bxf5 30. Qa4 d5 31. cxd5 cxd5 32. Ne2 Nd3 33. Rc6 Qf7 34. Bb6 Bd7 35. Bxd8 Rxd8 36. Qa5 Re8 37. Rb6 e4 38. Rxb8 Rxb8 39. Qa7 exf3 40.
Qxb8 fxe2 41. Bxe2 Qf2+ 42. Kh2 Qxe2 43. Ra7 Qe5+ 44.
Qxe5+ Nxe5 45. b5 Kf6 46. b6 Bc6 47. b7 Bxb7 48. Rxb7 d4 49. Kg1 d3 50. Kf2 Kf5 51. Rb5 Ke4 52. Rb4+ Kf5 53. Ke3 Ng6 54. Rb5+ Kf6 55. Rb6+ Kf5 56. Rb5+ Kf6 57. Kxd3 Nf4+ 58. Ke4 Nxg2 59. Rb6+ Kg7 60. Kf5 Nf4 61. Kxg5 Nxh3+ 62. Kf5 Nf2 63. Rb7+ Kh6 64. Rb6+ Kg7 65. Rb2 Nd3 66. Rc2 h3 67. Ke4 h2 68. Rxh2 Nc5+ 69. Kf5 1-0

[Event "*** SCC Grand Prix: Titled Tuesday Blitz"]
[Site "Chess.com"]
[Date "2020.10.06"]
[Round "3"]
[White "SanchezKelvin"]
[Black "Arfan48"]
[Result "1-0"]
[WhiteElo "2381"]
[BlackElo "2210"]
[TimeControl "180+1"]
[EndTime "10:29:02 PDT"]
[Termination "SanchezKelvin won by resignation"]

1. d4 Nf6 2. c4 g6 3. Nc3 Bg7 4. e4 d6 5. Nf3 O-O 6. Be2 e5 7. O-O Nc6 8. d5 Ne7 9. Ne1 Nd7 10. Nd3 f5 11. f3 f4 12. Bd2 g5 13. h3 Ng6 14. Rc1 Rf7 15. Qb3 Bf8 16. Nf2 h5 17.
a4 a5 18. Nb5 b6 19. Qd1 Rg7 20. Rc3 Nf6 21. Kh2 Qd7 22. Rh1 Be7 23. Kg1 Kf7 24.
Kf1 Nh4 25. Rh2 Bb7 26. Ke1 Rh8 27. Bc1 g4 28. fxg4 hxg4 29. Bxg4 Nxg4 30. Nxg4 Rxg4 31.
Qxg4 Qxg4 32. hxg4 Nf3+ 33. gxf3 Rxh2 34. Nxc7 Bc8 35. Kd1 Bh4 36. Bd2 Bf2 37. Nb5 Bc5 38.
Kc2 Kg6 39. Rd3 Bd7 40. Kb3 Kg5 41. Nc7 Kf6 42. Be1 Rh3 43. Kc2 Rh2+ 44. Rd2 Rh3 45. Bf2 Bxa4+ 46. b3 Bd7 47. Bxc5 bxc5 48. Nb5 Ke7 49. Rf2 Rh1 50. Kb2 Rh3 51. Nc3 Kf6 52. Nb1 Kg5 53. Nc3 Kf6 54. Nb5 Ke7 55. g5 Rg3 56.
Rh2 Rxg5 57. Rh7+ Kd8 58. Nxd6 Rg2+ 59. Ka3 Rf2 60. Nf7+ Kc8 61. Nxe5 Be8 62. d6 Rd2 63. Rh8 Kd8 64. d7 Rxd7 65. Nxd7 Kxd7 66. Rh4 Ke6 67.
Rxf4 Bc6 68. Rh4 Ke5 69. Kb2 Kd4 70. Rh6 Bd7 71. Rd6+ 1-0

[Event "*** SCC Grand Prix: Titled Tuesday Blitz"]
[Site "Chess.com"]
[Date "2020.10.06"]
[Round "3"]
[White "Aleksey_Sorokin"]
[Black "Philosopherrr"]
[Result "1/2-1/2"]
[WhiteElo "2814"]
[BlackElo "2478"]
[TimeControl "180+1"]
[EndTime "10:29:10 PDT"]
[Termination "Game drawn - insufficient material"]

1. d4 Nf6 2. c4 e6 3. Nf3 c5 4. d5 exd5 5. cxd5 d6 6. Nc3 g6 7.
Bf4 a6 8. e4 Bg4 9. Be2 Bxf3 10. Bxf3 Nbd7 11. O-O Qe7 12. Qa4 Bg7 13. Qa5 Ne5 14.
Be2 O-O 15. Rfe1 b5 16. a3 Rfe8 17. Rad1 h6 18. h3 g5 19. Bg3 Ng6 20. Bf1 Nd7 21. Qc7 Be5 22. Bxe5 Ndxe5 23. Qxe7 Rxe7 24. Rc1 Nf4 25. Red1 c4 26. Rb1 Rc8 27. Na2 Ned3 28. Bxd3 Nxd3 29.
f3 f5 30. Nb4 Nxb4 31. axb4 fxe4 32. fxe4 Rxe4 33. Ra1 Re2 34. Rxa6 Rxb2 35. Rxd6 c3 36. Rg6+ Kh7 37. Re6 c2 38. Rc1 Rxb4 39. Kf2 Rb1 40. Ree1 Rxc1 41. Rxc1 b4 42. Ke3 b3 43. Kd2 Rc5 44.
d6 Rd5+ 45. Kc3 Rxd6 46. Kxb3 Kg6 47. Rxc2 Kh5 48. Rc4 Rd3+ 49. Kb4 Rg3 50. Rc2 Re3 51. Kc4 Kh4 52. Kd4 Ra3 53. Ke4 Kg3 54. Rc6 h5 55.
Rh6 Ra4+ 56. Kf5 Ra5+ 57. Kg6 h4 58. Rh8 Kxg2 59. Rc8 Kxh3 60. Rc3+ Kg2 61. Kh5 h3 62. Rc2+ Kg3 63. Rc3+ Kg2 64. Rc2+ Kf1 65. Rc1+ Ke2 66. Kg4 h2 67. Rc2+ Ke3 68. Rxh2 Ke4 69. Rh5 Ra1 70.
Rxg5 Rg1+ 71. Kh5 Rxg5+ 72. Kxg5 1/2-1/2

[Event "*** SCC Grand Prix: Titled Tuesday Blitz"]
[Site "Chess.com"]
[Date "2020.10.06"]
[Round "3"]
[White "vladislavkovalev"]
[Black "grzechu96"]
[Result "0-1"]
[WhiteElo "2861"]
[BlackElo "2690"]
[TimeControl "180+1"]
[EndTime "10:29:12 PDT"]
[Termination "grzechu96 won by checkmate"]

1. e4 e5 2. Nf3 Nc6 3. Bb5 a6 4. Ba4 Nf6 5. O-O Be7 6. d3 b5 7. Bb3 d6 8. a3 O-O 9. Nc3 Na5 10. Ba2 Be6 11. b4 Bxa2 12. Rxa2 Nc6 13. Bg5 Ng4 14. Bd2 Nf6 15. Re1 Qd7 16. Nd5 Nxd5 17. exd5 Na7 18. d4 exd4 19. Nxd4 Bf6 20. Be3 Nc8 21.
a4 Ne7 22. Qf3 bxa4 23. Nc6 Nxc6 24. dxc6 Qe6 25. Rxa4 Qc4 26. g3 Qb5 27. Ra5 Qxb4 28. Raa1 Bxa1 29. Rxa1 Qc3 30. Ra4 Qxc2 31. Rg4 f5 32.
Rb4 a5 33. Qd5+ Rf7 34. Rb7 Qe4 35. Qa2 Qxc6 36. Rb1 a4 37. Rc1 Qd7 38. Qd5 Re8 39. Ra1 c5 40. h4 h6 41. Bf4 Qe6 42. Qc6 Qd7 43. Qd5 Rc8 44. Qd1 d5 45. Rxa4 d4 46. Ra6 Rc6 47. Ra8+ Rf8 48. Ra5 c4 49. Qf3 c3 50.
Rd5 Qe6 51. Re5 Qc4 52. Re7 c2 53. Bc1 d3 54. Rd7 Rc5 55. Rxd3 Rc7 56. Qe2 Qc6 57. Qd2 Re8 58. Rd6 Qe4 59. Kh2 Qe1 60. Qf4 Qe5 61. Qd2 Qe4 62. Rd4 Qe2 63. Qf4 Qe5 64. Qd2 Qe6 65. Rd6 Qf7 66. Qf4 Rec8 67. Rd4 Rd7 68. Rb4 Rd1 69. Rb6 Qd5 70. Rb2 Qh1# 0-1